 Dungeon Crawl Stone Soup version 0.15-a0-2165-g9981db6 (webtiles) character file.

331490 patnam the Spry (level 20, -9/192 (199) HPs)
             Began as a Deep Dwarf Fighter on July 9, 2014.
             Was the Champion of Makhleb.
             Killed from afar by an ancient lich (62 damage)
             ... with a shard of ice
             ... on Level 5 of the Vaults on July 20, 2014.
             The game lasted 02:40:56 (16146 turns).

patnam the Spry (Deep Dwarf Fighter)               Turns: 16146, Time: 02:40:57

HP  -9/192 (199) AC 24     Str 23 (24) XL: 20   Next:  6%
MP  15/15        EV 22     Int 12 (14) God: Makhleb [******]
Gold 1998        SH  0     Dex 16      Spells:  2 memorised,  9 levels left

rFire  + . .     SeeInvis +     a - +2 battleaxe (elec)
rCold  . . .     Clarity  .     s - +5 scale mail of Kipi Vas {+Rage rPois Slay+6}
rNeg   + + .     rCorr    .     (no shield)
rPois  +         rRot     .     V - +2 helmet {Int+3}
rElec  .         Spirit   .     h - +1 cloak
SustAb .         Warding  +     S - +0 pair of gloves of Purpose {rF+ Str+3}
rMut   .         Stasis   .     i - +0 pair of boots
Gourm  .                        b - amulet of Pragmatism {Ward rPois rN+ Dex-2}
MR     ++++.                    g - ring of see invisible
                                m - ring of protection from magic

@: non-regenerating, drained, incredibly resistant to hostile enchantments,
extremely unstealthy
A: damage resistance, recharge devices, negative energy resistance 1, sense
surroundings 3, slow healing 3
a: Device Recharging, Minor Destruction, Lesser Servant of Makhleb, Major
Destruction, Greater Servant of Makhleb, Renounce Religion, Evoke Berserk Rage
}: 4/15 runes: decaying, slimy, silver, gossamer


You were on level 5 of the Vaults.
You worshipped Makhleb.
Makhleb was exalted by your worship.
You were not hungry.

You visited 8 branches of the dungeon, and saw 50 of its levels.
You visited 1 bazaar.
You also visited: Sewer, Bailey, Ice Cave, Volcano and Wizlab.

You collected 3653 gold pieces.
You spent 1655 gold pieces at shops.

Inventory:

Hand weapons
 a - a +2 battleaxe of electrocution (weapon)
 k - the +8 autumn katana {slice, Clar}
   (You took it off an ironbrand convoker on level 5 of the Vaults)

   It inflicts extra damage upon your enemies.
   It protects you against confusion.
 U - a +1 battleaxe of flaming
Missiles
 j - 17 stones (quivered)
Armour
 h - a +1 cloak (worn)
 i - a +0 pair of boots (worn)
 s - the +5 scale mail of Kipi Vas (worn) {+Rage rPois Slay+6}
   (You found it on level 6 of the Dungeon)

   It affects your accuracy and damage with ranged weapons and melee attacks
   (+6).
   It protects you from poison.
   It lets you go berserk.
 S - the +0 pair of gloves of Purpose (worn) {rF+ Str+3}
   (You found it in an ice cave)

   It affects your strength (+3).
   It protects you from fire.
 V - a +2 helmet of intelligence (worn)
Magical devices
 d - a wand of heal wounds (2)
 n - a wand of teleportation (7)
 z - a wand of heal wounds (0)
 P - a wand of digging (7)
 Y - a wand of disintegration (13)
Comestibles
 f - 14 bread rations
 r - 9 meat rations
 C - 16 fruits
Scrolls
 c - 5 scrolls of magic mapping
 l - 7 scrolls of remove curse
 t - 4 scrolls of enchant armour
 v - 4 scrolls of amnesia
 K - 7 scrolls of fog
 Q - a scroll of holy word
 R - a scroll of teleportation
Jewellery
 b - the amulet of Pragmatism (around neck) {Ward rPois rN+ Dex-2}
   (You took it off a vault guard on level 5 of the Vaults)

   [amulet of warding]

   It may prevent the melee attacks of summoned creatures.
   It affects your dexterity (-2).
   It protects you from poison.
   It protects you from negative energy.
 g - a ring of see invisible (right hand)
 m - a ring of protection from magic (left hand)
 y - an uncursed ring of stealth
 G - an uncursed ring of teleportation
 J - an uncursed ring of teleport control
 L - the ring "Grurghai" {rF+ Dex+3 Int-4}
   (You took it off a deep elf demonologist on level 3 of the Elven Halls)

   [ring of protection from fire]

   It affects your intelligence (-4).
   It affects your dexterity (+3).
   It protects you from fire.
 M - an uncursed amulet of resist corrosion
 W - an uncursed ring of protection from cold
Potions
 p - a potion of resistance
 q - 3 potions of porridge
 x - a potion of haste
 A - 3 potions of flight
 B - 2 potions of agility
 E - 11 potions of curing
 F - 4 potions of restore abilities
 H - 2 potions of might
 I - 3 potions of cancellation
 N - a potion of magic {unknown}
Books
 w - a book of the Warp

   Spells                             Type                      Level
   *Control Teleport                  Charms/Translocation         4
   Phase Shift                        Translocation                5
   Warp Weapon                        Charms/Translocation         5
   Dispersal                          Translocation                6
   Controlled Blink                   Translocation                7
   Disjunction                        Translocation                8
 T - a book of Dreams

   Spells                             Type                      Level
   Ensorcelled Hibernation            Hexes/Ice                    2
   Flight                             Charms/Air                   3
   Phase Shift                        Translocation                5
   Shadow Creatures                   Summoning                    5
   Mass Confusion                     Hexes                        6
   Darkness                           Hexes                        7
Magical staves
 D - an uncursed staff of wizardry
Miscellaneous
 e - a lamp of fire
 o - a lamp of fire
 u - a lamp of fire
 O - a fan of gales
 Z - a lamp of fire
Rods
 X - a +6 rod of the swarm (13/13)
   (You found it on level 5 of the Vaults)


   Skills:
 - Level 16.6(16.5) Fighting
 - Level 19.5(19.4) Axes
 - Level 14.1(14.0) Armour
 - Level 20.5(20.3) Dodging
   Level 3.2 Shields
 - Level 12.0(11.9) Invocations
 * Level 9.9(9.8) Evocations


You had 9 spell levels left.
You knew the following spells:

 Your Spells              Type           Power        Failure   Level  Hunger
a - Haste                 Chrm           #.......     100%        6    #######
b - Control Teleport      Chrm/Tloc      #.........   100%        4    #####..


Dungeon Overview and Level Annotations

Branches:
Dungeon (14/15)               Orc (4/4) D:12            Elf (3/3) Orc:3
   Lair (8/8) D:11          Swamp (5/5) Lair:4       Spider (5/5) Lair:6
  Slime (6/6) Lair:8       Vaults (5/5) D:13          Crypt (0/3) Vaults:2
 Temple: D:4-7

Altars:
Dithmenos
Kikubaaqudgha
Makhleb
Sif Muna
Vehumet
Yredelemnul
The Shining One
Beogh

Shops:
D:9 !   Orc:3 !   Orc:4 ?[((   Elf:3 [

Annotations:
D:14 Sonja
Lair:4 exclusion: oklob plant
Lair:5 exclusion: upstairs
Lair:8 exclusion: oklob plant
Swamp:5 Liquorice's ghost, mighty HOFi


Innate Abilities, Weirdness & Mutations

You are resistant to damage.
You can recharge devices by infusing magical energy.
You resist negative energy.
You passively map a large area around you.
You do not heal naturally.


Message History

You feel much better.
This wand has 3 charges left.
The ancient lich casts a spell at you. The bolt of negative energy misses you.
The vault warden hits you with a glowing war axe!
Unknown command.
You closely miss the vault warden.
The vault warden is almost dead.
You slice the ancient lich!!
The ancient lich is heavily damaged.
The ancient lich gestures at you while chanting.
The shard of ice hits you!
* * * LOW HITPOINT WARNING * * *
Evoke which item? (* to show all) (? for menu, Esc to quit)
Zapping:
d - a wand of heal wounds (3)
Press: ? - help, Shift-Dir - straight line, f - you You feel much better.
This wand has 2 charges left.
The vault warden completely misses you. The ancient lich casts a spell at you.
The shard of ice hits you!
You die...

###......##.......#.......#..#
##........##....#........## #
#.......#..##...##......###..#
##... .###..##...##......##..#
###...## ##..##.##..#.....#..#
##.....###...)###..###...##..#
#.......#....%(#.[## ##.###..#
##. .........).p)))###...##..#
###............)@L(.#.....#..#
##..............))(.)....##..#
#...#...#...#...#..(#.....#..#
...###.###.###.###.###.#.....#
..#######################....#
............ ................#
......... ...................#
.............................#
.......... ..................#


You could see an ancient lich (invisible) and a vault warden.

Vanquished Creatures
  the royal jelly (Slime:6)
  Sojobo (Vaults:2)
  the Lernaean hydra (Swamp:5)
  A golden dragon (Vaults:5)
  An Ice Fiend (IceCv)
  2 tentacled monstrosities (Vaults:5)
  A lich (Vaults:5)
  A quicksilver dragon (Vaults:5)
  4 titans (Vaults:5)
  A storm dragon (Vaults:5)
  2 deep elf master archers (Elf:3)
  A sphinx (Vaults:5)
  9 acid blobs
  Rupert (Swamp:1)
  2 shadow dragons (Vaults:5)
  2 tengu reavers
  6 azure jellies
  A fire giant (Vaults:3)
  4 frost giants (Vaults:5)
  6 vault wardens
  A ghost moth (Spider:5)
  An iron dragon (Vaults:5)
  Maud (Lair:7)
  3 deep elf sorcerers
  Aizul (Spider:1)
  2 emperor scorpions (Spider:5)
  6 stone giants
  Jorgrun (Elf:3)
  2 war gargoyles
  7 deep elf demonologists
  A small abomination (Vaults:5)
  11 deep elf annihilators (Elf:3)
  A mottled draconian (shapeshifter) (Vaults:5)
  7 deep elf death magi
  2 ettins (Vaults:5)
  A blizzard demon (Elf:3)
  2 crystal guardians (WizLab)
  22 vault guards
  4 death oozes
  5 ironheart preservers
  2 fire dragons (Lair:8)
  Josephine (Spider:1)
  10 yaktaur captains
  7 deep elf high priests
  Fannar (Elf:3)
  3 great orbs of eyes
  13 hydras
  4 ogre magi
  4 alligators
  13 death yaks
  A dancing weapon (Vaults:5)
  2 orc high priests (Orc:4)
  A catoblepas (shapeshifter) (Vaults:5)
  2 iron golems (WizLab)
  2 centaur warriors (D:13)
  2 very ugly things (Vaults:4)
  A catoblepas (Lair:6)
  A sun demon (Elf:3)
  2 flayed ghosts
  5 ice devils (IceCv)
  A shadow wraith (Vaults:5)
  4 orc knights
  A spriggan druid (Swamp:5)
  4 deep trolls (Vaults:4)
  2 necromancers
  3 orb spiders
  A deep elf summoner (Elf:3)
  A wizard (D:13)
  3 ironbrand convokers
  10 swamp dragons
  2 hill giants
  13 deep elf conjurers
  A phantasmal warrior (Vaults:5)
  A wolf spider zombie (Spider:1)
  A fire giant zombie (Vaults:4)
  A mana viper (shapeshifter) (Vaults:5)
  16 wolf spiders
  4 shining eyes
  2 cyclopes
  2 orc sorcerers (Orc:4)
  4 red wasps
  8 vault sentinels
  3 black mambas
  11 spiny frogs
  6 elephants (Lair:8)
  3 gargoyles (WizLab)
  A moth of wrath (Spider:5)
  A komodo dragon (Lair:5)
  A queen ant (Spider:5)
  An elf (shapeshifter) (Vaults:1)
  20 yaktaurs
  A hellwing (Vaults:2)
  A tengu conjurer (D:13)
  2 anaconda simulacra (IceCv)
  6 demonic crawlers
  13 fire drakes
  2 polar bears
  4 freezing wraiths
  3 blue devils
  3 giant leeches
  3 trolls
  4 deep elf priests
  15 jumping spiders
  A wolf spider simulacrum (IceCv)
  A jumping spider (shapeshifter) (Vaults:5)
  A queen bee (shapeshifter) (Vaults:2)
  3 blink frogs (Lair:1)
  6 ravens
  4 baby alligators (Swamp:3)
  A boulder beetle (Vaults:1)
  7 two-headed ogres
  A fire giant simulacrum (Vaults:2)
  49 slime creatures
  11 deep elf magi
  16 tarantellas
  3 dire elephant simulacra (IceCv)
  14 trapdoor spiders
  14 bog bodies
  29 redbacks
  3 spriggans
  A shadow (D:13)
  2 flying skulls (Volcano)
  2 basilisks
  A redback (shapeshifter) (Vaults:5)
  A black mamba skeleton (Spider:1)
  A vampire (Volcano)
  7 ugly things
  Eustachio (D:9)
  A hill giant zombie (D:11)
  A steam dragon (Lair:8)
  3 yaks (Lair:6)
  4 hippogriffs
  Grum (D:13)
  18 vampire mosquitoes
  A golden eye (Slime:6)
  A hill giant skeleton (Spider:1)
  12 wolves
  An ogre zombie (D:12)
  5 water moccasins
  19 deep elf fighters
  2 hungry ghosts
  3 mottled dragons (Lair:8)
  3 harpy simulacra (IceCv)
  2 iron troll simulacra (IceCv)
  12 swamp worms
  5 hydra simulacra (IceCv)
  19 spiders
  2 soldier ants (Spider:5)
  31 orc warriors
  An ice beast (Elf:3)
  An orb spider zombie (Spider:1)
  A sky beast (D:12)
  A phantom (D:10)
  8 swamp drakes
  A black bear (Lair:3)
  3 human zombies (Vaults:4)
  21 ogres
  4 porcupines
  A human simulacrum (Vaults:1)
  2 elf skeletons
  An ice dragon simulacrum (Vaults:1)
  2 yellow wasps
  5 boring beetles
  10 crocodiles
  A necrophage (D:9)
  5 brain worms (Lair:8)
  3 centaurs
  8 giant frogs
  3 earth elementals (WizLab)
  2 human skeletons
  9 insubstantial wisps
  3 scorpions
  An eye of draining (Slime:1)
  2 vampire bats (D:4)
  5 wights (D:13)
  3 draconian simulacra (IceCv)
  5 electric eels (D:11)
  A crimson imp (D:11)
  14 jellies
  17 orc priests
  8 hounds
  A siren (Sewer)
  3 worker ants
  2 polar bear simulacra (IceCv)
  6 orange rats
  14 orc wizards
  A mermaid (Sewer)
  A spriggan simulacrum (IceCv)
  3 troll simulacra (IceCv)
  10 iguanas
  A wolf simulacrum (IceCv)
  A mottled dragon zombie (D:13)
  A sheep (Lair:5)
  2 centaur simulacra (IceCv)
  A mummy (Volcano)
  A gnoll (Bailey)
  11 green rats
  A gnoll skeleton (D:9)
  13 adders
  2 giant mites
  12 worms
  20 white imps
  2 ufetubi (IceCv)
  An iguana skeleton (D:5)
  5 giant geckos
  An ooze (Lair:8)
  97 orcs
  6 ball pythons
  3 bat skeletons (D:4)
  A bat zombie (D:4)
  10 giant cockroaches
  8 hobgoblins
  7 quokkas
  4 bats
  6 giant newts
  17 goblins
  17 kobolds
  12 orc zombies (Orc:4)
  29 rats
  A bush (Lair:5)
  2 crawling corpses (Vaults:5)
  2 fungi
  13 plants
1224 creatures vanquished.

Vanquished Creatures (collateral kills)
  An electric golem (WizLab)
  A deep elf master archer (Elf:3)
  2 acid blobs
  2 tengu reavers
  4 azure jellies (Slime:6)
  A ghost moth (Spider:5)
  A deep elf sorcerer (Elf:3)
  Louise (Elf:3)
  An emperor scorpion (Spider:5)
  A war gargoyle (WizLab)
  An orc warlord (Orc:4)
  A deep elf demonologist (Elf:3)
  A crystal guardian (WizLab)
  3 vault guards (Vaults:5)
  A great orb of eyes (Slime:6)
  A hydra (Lair:6)
  An alligator (Swamp:1)
  A spriggan druid (Swamp:5)
  An ironbrand convoker (Vaults:3)
  3 orb spiders (Spider:5)
  An orc knight (Orc:4)
  A wolf spider (shapeshifter) (Vaults:5)
  A deep elf conjurer (Elf:3)
  4 wolf spiders
  2 gargoyles (WizLab)
  4 yaktaurs (Vaults:3)
  A smoke demon (Orc:4)
  A spiny frog (Swamp:1)
  A hellwing (Slime:6)
  A two-headed ogre (Vaults:2)
  3 jumping spiders (Spider:1)
  4 slime creatures (Slime:6)
  A bog body (Swamp:5)
  A deep elf mage (Elf:3)
  A raven (Swamp:1)
  4 redbacks
  2 trapdoor spiders (Spider:5)
  2 tarantellas
  2 vampire mosquitoes (Swamp:2)
  2 ugly things (Vaults:3)
  2 orc warriors (Orc:4)
  3 swamp drakes
  An ogre (Vaults:2)
  A big kobold (shapeshifter) (Vaults:5)
  An insubstantial wisp (Swamp:5)
  3 earth elementals (WizLab)
  An eye of draining (Slime:6)
  2 jellies (Slime:6)
  An orc wizard (Orc:4)
  2 orc zombies (Orc:4)
  2 orcs (Orc:4)
87 creatures vanquished.

Vanquished Creatures (others)
  An Executioner (Slime:6)
  2 tengu reavers (Vaults:5)
  A shadow dragon (Vaults:5)
  2 balrugs
  3 cacodemons
  3 green deaths
  2 vault guards (Vaults:5)
  5 blizzard demons
  A deep elf knight (Elf:3)
  A swamp dragon (Swamp:5)
  3 smoke demons
  2 hellwings (Slime:6)
  2 bog bodies
  A trapdoor spider (Spider:5)
  A vampire (Volcano)
  An ugly thing (D:12)
  A ynoxinul (Slime:6)
  2 spriggans (Swamp:5)
  A swamp drake (Swamp:5)
  A yellow wasp (Swamp:5)
  A lost soul (Elf:3)
  6 ufetubi
  5 fungi
  4 plants
52 creatures vanquished.

Grand Total: 1363 creatures vanquished

Notes
Turn   | Place    | Note
--------------------------------------------------------------
     0 | D:1      | patnam, the Deep Dwarf Fighter, began the quest for the Orb.
     0 | D:1      | Reached XP level 1. HP: 20/20 MP: 1/1
   179 | D:1      | Reached XP level 2. HP: 27/27 MP: 2/2
   325 | D:3      | Reached XP level 3. HP: 26/33 MP: 3/3
   342 | D:3      | Reached skill level 4 in Axes
   581 | D:4      | Noticed an ogre
   583 | D:4      | Killed an ogre
   583 | D:4      | Reached skill level 5 in Axes
   583 | D:4      | Reached XP level 4. HP: 29/40 MP: 4/4
   672 | D:4      | Found an ancient bone altar of Kikubaaqudgha.
   675 | D:4      | Reached XP level 5. HP: 33/46 MP: 5/5
   717 | D:4      | Reached skill level 6 in Axes
   861 | D:4      | Found a glowing drain.
   865 | Sewer    | Entered a sewer
   974 | Sewer    | Reached skill level 7 in Axes
   974 | Sewer    | Reached XP level 6. HP: 26/55 MP: 6/6
  1106 | Sewer    | Noticed a drowned soul
  1233 | D:4      | Found a burning altar of Makhleb.
  1236 | D:4      | Became a worshipper of Makhleb the Destroyer
  1247 | D:5      | Entered Level 5 of the Dungeon
  1320 | D:5      | HP: 2/55 [ogre/giant club (18)]
  1344 | D:5      | Reached skill level 8 in Axes
  1445 | D:5      | Found a glowing golden altar of the Shining One.
  1603 | D:6      | Got a fine scale mail
  1620 | D:6      | Identified the +5 scale mail of Kipi Vas {+Rage rPois Slay+6} (You found it on level 6 of the Dungeon)
  1620 | D:6      | cool
  1648 | D:7      | Noticed a hungry ghost
  1662 | D:7      | Killed a hungry ghost
  1662 | D:7      | Reached XP level 7. HP: 22/61 MP: 7/7
  1753 | D:8      | Reached skill level 9 in Axes
  1774 | D:9      | Noticed Eustachio
  1795 | D:9      | Killed Eustachio
  1795 | D:9      | Acquired Makhleb's first power
  1824 | D:9      | Found a radiant altar of Vehumet.
  1824 | D:9      | Found a deep blue altar of Sif Muna.
  1847 | D:9      | Found Lorir's Distillery.
  1854 | D:9      | Bought a potion of curing for 28 gold pieces
  1854 | D:9      | Bought 2 potions of curing for 56 gold pieces
  1854 | D:9      | Bought a potion of agility for 35 gold pieces
  1854 | D:9      | Bought a potion of invisibility for 77 gold pieces
  1854 | D:9      | Bought a potion of lignification for 28 gold pieces
  1863 | D:9      | Reached skill level 10 in Axes
  1899 | D:10     | Entered Level 10 of the Dungeon
  1927 | D:10     | Reached XP level 8. HP: 44/68 MP: 8/8
  1983 | D:11     | Noticed a troll
  2032 | D:11     | Reached skill level 11 in Axes
  2054 | D:11     | Found a flagged portal.
  2068 | Bailey   | Entered a bailey
  2078 | Bailey   | Noticed an orc knight
  2157 | Bailey   | Got a scintillating jade amulet
  2158 | Bailey   | Identified the amulet of Res Nullius {Gourm Contam Int+3 SInv} (You took it off an orc warrior in a bailey)
  2247 | Bailey   | Acquired Makhleb's second power
  2247 | Bailey   | Reached skill level 12 in Axes
  2256 | Bailey   | Killed an orc knight
  2256 | Bailey   | Gained mutation: You passively map the area around you. [level up]
  2256 | Bailey   | Reached XP level 9. HP: 42/74 MP: 9/9
  2258 | Bailey   | Reached skill level 13 in Axes
  2362 | D:11     | Noticed a four-headed hydra
  2371 | D:11     | Killed a four-headed hydra
  2371 | D:11     | Reached skill level 14 in Axes
  2425 | D:11     | Found a staircase to the Lair.
  2475 | Lair:1   | Entered Level 1 of the Lair of Beasts
  2546 | Lair:1   | Reached XP level 10. HP: 43/81 MP: 10/10
  2548 | Lair:1   | Reached skill level 5 in Armour
  2898 | Lair:2   | Noticed a five-headed hydra
  3126 | Lair:4   | Noticed a black mamba
  3135 | Lair:4   | Killed a black mamba
  3140 | Lair:4   | Noticed an oklob plant
  3275 | Lair:4   | Noticed a black mamba
  3279 | Lair:4   | Acquired Makhleb's third power
  3284 | Lair:4   | Killed a black mamba
  3379 | Lair:4   | Reached skill level 10 in Armour
  3433 | Lair:5   | Reached skill level 1 in Dodging
  3434 | Lair:5   | Reached XP level 11. HP: 62/90 MP: 11/11
  3499 | Lair:5   | Noticed a death yak
  3516 | Lair:5   | Killed a death yak
  3518 | Lair:5   | Acquired Makhleb's fourth power
  3590 | Lair:6   | Found a hole to the Spider Nest.
  3594 | Lair:6   | Noticed a four-headed hydra
  3600 | Lair:6   | Reached skill level 1 in Invocations
  3603 | Lair:6   | Killed a four-headed hydra
  3651 | Lair:6   | Noticed a catoblepas
  3653 | Lair:6   | Noticed a death yak
  3710 | Lair:6   | Found a dark tunnel.
  3711 | Lair:6   | Noticed a lindwurm
  3714 | Volcano  | Entered a volcano
  3850 | Volcano  | Reached skill level 5 in Invocations
  4028 | Lair:7   | Noticed Maud
  4052 | Lair:7   | Killed Maud
  4093 | Lair:8   | Entered Level 8 of the Lair of Beasts
  4253 | Lair:8   | Noticed a fire dragon
  4277 | Lair:8   | Reached skill level 10 in Invocations
  4290 | Lair:8   | Killed a fire dragon
  4475 | Lair:8   | Noticed a death yak
  4476 | Lair:8   | Noticed a death yak
  4477 | Lair:8   | Noticed a death yak
  4477 | Lair:8   | Noticed a death yak
  4478 | Lair:8   | Noticed a death yak
  4479 | Lair:8   | Noticed a death yak
  4498 | Lair:8   | Killed a death yak
  4498 | Lair:8   | Reached XP level 12. HP: 99/99 MP: 26/26
  4505 | Lair:8   | Killed a death yak
  4512 | Lair:8   | Killed a death yak
  4519 | Lair:8   | Killed a death yak
  4526 | Lair:8   | Killed a death yak
  4526 | Lair:8   | Reached skill level 5 in Fighting
  4526 | Lair:8   | Reached skill level 5 in Dodging
  4544 | Lair:8   | Killed a death yak
  4544 | Lair:8   | Acquired Makhleb's fifth power
  4589 | Lair:8   | Noticed a fire dragon
  4610 | Lair:8   | Killed a fire dragon
  4779 | Lair:8   | Lost intelligence.
  5057 | Lair:8   | Found a staircase to the Slime Pits.
  5068 | Lair:8   | Noticed a death yak
  5068 | Lair:8   | Noticed a death yak
  5069 | Lair:8   | Noticed a death yak
  5069 | Lair:8   | Noticed a death yak
  5109 | Lair:8   | Killed a death yak
  5111 | Lair:8   | Killed a death yak
  5111 | Lair:8   | Reached XP level 13. HP: 117/117 MP: 27/27
  5117 | Lair:8   | Killed a death yak
  5126 | Lair:8   | Killed a death yak
  5127 | Lair:8   | Noticed a death yak
  5138 | Lair:8   | Killed a death yak
  5155 | Lair:8   | Found a shadowy altar of Dithmenos.
  5287 | Spider:1 | Entered Level 1 of the Spider Nest
  5287 | Spider:1 | Noticed Josephine
  5306 | Spider:1 | Killed Josephine
  5375 | Spider:1 | Reached skill level 10 in Dodging
  5427 | Spider:1 | Noticed Aizul
  5443 | Spider:1 | Killed Aizul
  5684 | Spider:3 | Reached skill level 10 in Fighting
  5897 | Spider:5 | Entered Level 5 of the Spider Nest
  5953 | Spider:5 | Gained mutation: You resist negative energy. [level up]
  5953 | Spider:5 | Reached XP level 14. HP: 133/133 MP: 28/28
  6181 | Spider:5 | Noticed a ghost moth
  6192 | Spider:5 | Killed a ghost moth
  6235 | Spider:5 | Noticed a ghost moth
  6241 | Spider:5 | Killed a ghost moth
  6281 | Spider:5 | Noticed an emperor scorpion
  6286 | Spider:5 | Noticed an emperor scorpion
  6290 | Spider:5 | Noticed an emperor scorpion
  6291 | Spider:5 | Killed an emperor scorpion
  6304 | Spider:5 | HP: 6/136 [tarantella (5)]
  6364 | Spider:5 | Killed an emperor scorpion
  6372 | Spider:5 | Killed an emperor scorpion
  6411 | Spider:5 | Got a gossamer rune of Zot
  6417 | Spider:5 | Noticed Mara
  6418 | Spider:5 | Noticed patnam's illusion
  6503 | Spider:5 | Reached skill level 15 in Axes
  6883 | Lair:4   | Found a staircase to the Swamp.
  6892 | Swamp:1  | Entered Level 1 of the Swamp
  6892 | Swamp:1  | Noticed Rupert
  6905 | Swamp:1  | Killed Rupert
  7375 | Swamp:4  | Reached XP level 15. HP: 144/144 MP: 26/26
  7466 | Swamp:5  | Entered Level 5 of the Swamp
  7604 | Swamp:5  | Reached skill level 16 in Axes
  7611 | Swamp:5  | Reached skill level 15 in Dodging
  7721 | Swamp:5  | Noticed the 27-headed Lernaean hydra
  7724 | Swamp:5  | Noticed Liquorice's ghost (mighty HOFi)
  7731 | Swamp:5  | Killed the 21-headed Lernaean hydra
  7969 | Swamp:5  | Got a decaying rune of Zot
  8526 | Slime:1  | Entered Level 1 of the Pits of Slime
  8526 | Slime:1  | Noticed an azure jelly
  8537 | Slime:1  | Killed an azure jelly
  8537 | Slime:1  | Reached skill level 17 in Axes
  8614 | Slime:3  | Gained mutation: You occasionally shout uncontrollably at your foes. [a shining eye]
  8623 | Slime:4  | Noticed an acid blob
  8629 | Slime:4  | Noticed an acid blob
  8635 | Slime:4  | Killed an acid blob
  8639 | Slime:4  | Killed an acid blob
  8642 | Slime:5  | Noticed an azure jelly
  8649 | Slime:5  | Killed an azure jelly
  8649 | Slime:5  | Reached XP level 16. HP: 88/153 MP: 24/24
  8657 | Slime:6  | Entered Level 6 of the Pits of Slime
  8685 | Slime:6  | Noticed an acid blob
  8692 | Slime:6  | Killed an acid blob
  8693 | Slime:6  | Paralysed by a great orb of eyes for 6 turns
  8714 | Slime:6  | Noticed the royal jelly
  8719 | Slime:6  | Noticed an acid blob
  8723 | Slime:6  | Noticed an acid blob
  8723 | Slime:6  | Noticed an acid blob
  8724 | Slime:6  | Noticed an acid blob
  8727 | Slime:6  | Killed an acid blob
  8731 | Slime:6  | Noticed an acid blob
  8763 | Slime:6  | Killed an acid blob
  8764 | Slime:6  | Killed an acid blob
  8778 | Slime:5  | Killed an acid blob
  8782 | Slime:5  | Killed an acid blob
  9295 | D:12     | Found a staircase to the Orcish Mines.
  9310 | Orc:1    | Entered Level 1 of the Orcish Mines
  9555 | Orc:4    | Entered Level 4 of the Orcish Mines
  9573 | Orc:4    | Found a roughly hewn altar of Beogh.
  9584 | Orc:4    | Found Fetaerr's Magic Scroll Emporium.
  9590 | Orc:4    | Bought a scroll of blinking for 120 gold pieces
  9590 | Orc:4    | Bought a scroll of recharging for 152 gold pieces
  9590 | Orc:4    | Bought a scroll of recharging for 152 gold pieces
  9646 | Orc:4    | Found a roughly hewn altar of Beogh.
  9709 | Orc:4    | Found Zuehoeh's Antique Armour Shoppe.
  9709 | Orc:4    | Found a roughly hewn altar of Beogh.
  9721 | Orc:4    | Found Maiz's Antique Weapon Emporium.
  9726 | Orc:4    | Bought a pair of heavily runed boots for 323 gold pieces
  9730 | Orc:4    | Identified the cursed +1 pair of boots of Eskied {Str-3 Dex+4} (You bought it in a shop on level 4 of the Orcish Mines)
  9735 | Orc:4    | Bought a shiny helmet for 153 gold pieces
  9949 | Orc:4    | Found a roughly hewn altar of Beogh.
  9949 | Orc:4    | Found Giaggi's Weapon Shop.
  9989 | Orc:4    | Found a roughly hewn altar of Beogh.
 10024 | Orc:4    | Found a roughly hewn altar of Beogh.
 10042 | Orc:4    | Found a roughly hewn altar of Beogh.
 10239 | Orc:3    | Found Crouqyap's Distillery.
 10239 | Orc:3    | Found a staircase to the Elven Halls.
 10252 | Orc:3    | Bought a potion of haste for 84 gold pieces
 10252 | Orc:3    | Bought a potion of heal wounds for 36 gold pieces
 10252 | Orc:3    | Bought a potion of haste for 84 gold pieces
 10252 | Orc:3    | Bought a potion of might for 30 gold pieces
 10266 | Elf:1    | Entered Level 1 of the Elven Halls
 10307 | Elf:1    | Reached skill level 18 in Axes
 10401 | Elf:1    | Found a flickering gateway to a bazaar.
 10408 | Bazaar   | Entered a bazaar
 10408 | Bazaar   | Found Thaho's General Store.
 10408 | Bazaar   | Found Kleanasm's Distillery.
 10427 | Bazaar   | Found Qaefum's Antique Weapon Boutique.
 10438 | Bazaar   | Found Pnabb's Gadget Emporium.
 10457 | Bazaar   | Found Plog's Antique Armour Boutique.
 10478 | Bazaar   | Bought 2 potions of might for 60 gold pieces
 10478 | Bazaar   | Bought a potion of haste for 84 gold pieces
 10627 | Elf:3    | Entered Level 3 of the Elven Halls
 10644 | Elf:3    | Noticed Jorgrun
 10652 | Elf:3    | Killed Jorgrun
 10690 | Elf:3    | Noticed Fannar
 10708 | Elf:3    | Killed Fannar
 10748 | Elf:3    | Found a magical portal.
 10758 | WizLab   | Entered Doroklohe's Tomb
 10972 | WizLab   | Noticed an electric golem
 10994 | WizLab   | Killed an electric golem
 11188 | Elf:3    | Found a frozen archway.
 11211 | IceCv    | Entered an ice cave
 11483 | IceCv    | Noticed an Ice Fiend
 11532 | IceCv    | Killed an Ice Fiend
 11532 | IceCv    | Reached XP level 17. HP: 81/160 MP: 21/21
 11572 | IceCv    | Got a pair of faintly glowing gloves
 11573 | IceCv    | Identified the cursed +0 pair of gloves of Purpose {rF+ Str+3} (You found it in an ice cave)
 11621 | Elf:3    | Found Muing's Antique Armour Boutique.
 11632 | Elf:3    | Bought a shiny helmet for 153 gold pieces
 11908 | Elf:3    | Noticed a deep elf master archer
 11909 | Elf:3    | Killed a deep elf master archer
 12101 | Elf:3    | Noticed a deep elf master archer
 12123 | Elf:3    | Killed a deep elf master archer
 12157 | Elf:3    | Noticed Louise
 12195 | Elf:3    | Killed Louise
 12243 | Elf:3    | Reached skill level 19 in Axes
 12424 | Elf:3    | Got a twitching pewter ring
 12507 | Elf:3    | Identified Fidyud's Disquisition on Toxic Attacks
 12541 | Elf:3    | Identified the ring "Grurghai" {rF+ Dex+3 Int-4} (You took it off a deep elf demonologist on level 3 of the Elven Halls)
 12561 | Elf:3    | Got a twisted ring mail
 12562 | Elf:3    | Identified the +3 ring mail of Benevolence {Int+4} (You found it on level 3 of the Elven Halls)
 12567 | Elf:3    | Noticed a deep elf master archer
 12599 | Elf:3    | Killed a deep elf master archer
 13169 | Lair:6   | Killed a catoblepas
 13174 | Lair:6   | Killed a death yak
 13269 | Slime:6  | Gained mutation: You tend to lose your temper in combat. [a shining eye]
 13278 | Slime:6  | Noticed an acid blob
 13296 | Slime:6  | Killed an acid blob
 13319 | Slime:6  | Killed the royal jelly
 13353 | Slime:6  | Identified Yluky's Volume of Dark Secrets and Poison (You found it on level 6 of the Pits of Slime)
 13392 | Slime:6  | Got a faintly humming helmet
 13393 | Slime:6  | Identified the cursed -2 helmet "Preustr Ekoapp" {Str-4 Int+4 Curse} (You found it on level 6 of the Pits of Slime)
 13417 | Slime:6  | Learned a level 6 spell: Haste
 13422 | Slime:6  | Learned a level 4 spell: Control Teleport
 13428 | Slime:6  | Got a slimy rune of Zot
 13440 | Slime:6  | Noticed an acid blob
 13597 | Slime:6  | Got a dazzling scale mail
 13598 | Slime:6  | Identified the -11 scale mail of Khod Rae {Dex+2} (You found it on level 6 of the Pits of Slime)
 14051 | D:13     | Lost mutation: You occasionally shout uncontrollably at your foes. [potion of cure mutation]
 14051 | D:13     | Lost mutation: You tend to lose your temper in combat. [potion of cure mutation]
 14063 | D:13     | Noticed Grum
 14070 | D:13     | Killed Grum
 14073 | D:13     | Gained mutation: You passively map a large area around you. [level up]
 14073 | D:13     | Reached XP level 18. HP: 122/169 MP: 18/18
 14098 | D:14     | Noticed Sonja
 14217 | D:13     | Found a gate to the Vaults.
 14231 | Vaults:1 | Entered Level 1 of the Vaults
 14441 | Vaults:1 | Reached skill level 15 in Fighting
 14548 | Vaults:2 | Found a staircase to the Crypt.
 14548 | Vaults:2 | Found an ancient bone altar of Kikubaaqudgha.
 14549 | Vaults:2 | Found a basalt altar of Yredelemnul.
 14725 | Vaults:2 | Noticed Sojobo
 14735 | Vaults:2 | Killed Sojobo
 15096 | Vaults:5 | Entered Level 5 of the Vaults
 15140 | Vaults:5 | Reached XP level 19. HP: 181/181 MP: 19/19
 15240 | Vaults:5 | Got a brightly glowing jade ring
 15241 | Vaults:5 | Identified the cursed ring of Shuffo {EV-2 Str+3 SInv} (You found it on level 5 of the Vaults)
 15275 | Vaults:5 | Got a wavering bronze ring
 15276 | Vaults:5 | Identified the ring of the Lonely Planets {Ice Str-3 Int+3} (You found it on level 5 of the Vaults)
 15391 | Vaults:5 | Reached skill level 20 in Dodging
 15417 | Vaults:5 | Got a smoking tin amulet
 15429 | Vaults:5 | Got a silver rune of Zot
 15706 | Vaults:5 | Upgraded the game from 0.15-a0-1950-gbc841a2 to 0.15-a0-2165-g9981db6
 15707 | Vaults:5 | Identified the amulet of Pragmatism {Ward rPois rN+ Dex-2} (You took it off a vault guard on level 5 of the Vaults)
 15746 | Vaults:5 | Identified a +6 rod of the swarm (13/13) (You found it on level 5 of the Vaults)
 15849 | Vaults:5 | Noticed an ancient lich
 16031 | Vaults:5 | Noticed a lich
 16032 | Vaults:5 | Reached skill level 5 in Evocations
 16039 | Vaults:5 | Killed a lich
 16040 | Vaults:5 | Noticed a golden dragon
 16064 | Vaults:5 | Killed a golden dragon
 16115 | Vaults:5 | Reached XP level 20. HP: 122/192 MP: 17/17
 16122 | Vaults:5 | HP: 9/192 [vault warden/glowing war axe (22)]
 16146 | Vaults:5 | Killed from afar by an ancient lich

Action                   |  1- 3 |  4- 6 |  7- 9 | 10-12 | 13-15 | 16-18 | 19-21 || total
-------------------------+-------+-------+-------+-------+-------+-------+-------++-------
Melee: War axe           |    67 |   273 |   126 |    69 |       |       |       ||   535
       Broad axe         |       |       |    52 |   529 |   918 |     5 |       ||  1504
       Battleaxe         |       |       |       |       |    76 |  1260 |   384 ||  1720
Throw: Javelin           |       |       |       |     5 |       |       |       ||     5
       Stone             |       |       |       |       |       |     1 |       ||     1
Invok: Lesser Servant of |       |       |       |     4 |       |     9 |       ||    13
       Greater Servant o |       |       |       |       |     9 |     8 |     2 ||    19
 Abil: Device Recharging |       |       |       |     1 |     6 |     7 |     4 ||    18
       Evoke Teleportati |       |       |       |       |     1 |       |       ||     1
Evoke: Wand              |     2 |     5 |     8 |    10 |    25 |    44 |    31 ||   125
  Use: Scroll            |     1 |     6 |     9 |     8 |    17 |    24 |     6 ||    71
       Potion            |       |       |     6 |     5 |    11 |     7 |     1 ||    30
 Stab: Invisible         |       |       |     6 |       |       |       |       ||     6
       Distracted        |       |       |       |       |     4 |    11 |     2 ||    17
       Confused          |       |       |       |       |     2 |       |       ||     2
  Eat: Chunk             |       |     2 |       |     1 |       |       |       ||     3
       Beef jerky        |       |     1 |       |     1 |     2 |     2 |       ||     6
       Royal jelly       |       |       |     1 |       |       |     3 |       ||     4
       Meat ration       |       |       |     1 |     1 |     3 |     2 |     1 ||     8
       Fruit             |       |       |       |     2 |       |       |       ||     2
       Pizza             |       |       |       |       |     1 |     2 |       ||     3
